AoeStats
← Evinrude

Arabia

509459446Analyzed
1v1 RM · 6d ago on Sep 26, 2026· 73m 17s· 2 players
Game mode
Random Map
Map size
Tiny (2 player)
Population
200
Speed
Normal
Resources
Standard
Victory
Conquest
Starting age
Dark Age
Ending age
Imperial Age
RankedLock teamsTeams togetherTeam positionsShared explorationLock speedFull tech treeHidden civsTurbo modeCheats
Victory
Defeat
🇩🇪 Bohemians · Germany
632
+14
🇫🇷 Mongols · France
583
-14
Evinrude
10:08 Feudal Age
10:04 Loom
11:17 Double-Bit Axe
16:57 Wheelbarrow
18:50 Bloodlines
21:43 Castle Age
23:40 Husbandry
23:10 Pikeman
26:27 Forging
26:31 Fletching
26:44 Padded Archer Armor
27:16 Gold Mining
27:13 Horse Collar
30:09 Thumb Ring
32:19 Scale Barding Armor
32:51 Iron Casting
37:39 Imperial Age
35:57 Ballistics
35:33 Murder Holes
38:24 Hand Cart
38:27 Bow Saw
39:51 Chemistry
39:47 Town Watch
40:08 Cavalier
42:44 Parthian Tactics
51:03 Chain Barding Armor
51:44 Blast Furnace
Nomisboon
6:26 Loom
10:52 Feudal Age
19:40 Castle Age
21:15 Horse Collar
21:22 Double-Bit Axe
22:23 Fletching
25:36 Pikeman
27:47 Bow Saw
27:39 Heavy Plow
29:10 Scale Mail Armor
30:50 Squires
31:05 Forging
33:35 Chain Mail Armor
35:39 Wheelbarrow
35:19 Fervor
40:27 Imperial Age
38:58 Hand Cart
38:34 Town Watch
39:57 Iron Casting
39:50 Bodkin Arrow
40:43 Arson
41:28 Ballistics
43:09 Chemistry
42:05 Murder Holes
43:22 Conscription
42:33 Elite Hussite Wagon
43:37 Arrowslits
45:14 Halberdier
47:08 Plate Mail Armor
47:39 Blast Furnace
49:23 Bracer
51:10 Town Patrol
72:38 Padded Archer Armor
72:05 Elite Skirmisher
Connection lost

Rejoining the realm…

Still unreachable

The connection could not be restored.

Session expired

The server has moved on; the page needs a fresh start.